Map: Ruines de Seras

Players

WESTBEATS - Winner!

  • Race: Zerg Zerg
  • League: Gold

Plutonun

  • Race: Protoss Protoss
  • League: Silver

VOD

Have the link to the VOD?

Description

Time

  • Played on: Nov. 12, 2015, 2:56 p.m.
  • Length: 19:40
Show
View Real Time Build Order
Export as new Build Order

WESTBEATS Zerg - Winner!

Build Orders: Pool First 

Get SALT Encoding   

  12  0:00  Drone  
  13  0:09  Drone  
  14  0:22  Overlord  
  14  0:35  Spawning Pool  
  13  0:48  Drone x3  
  16  1:22  Queen  
  16  1:23  Zergling x2  
  16  1:24  Zergling x4  
  21  1:42  Extractor  
  21  1:44  Extractor  
  19  1:54  Zergling x4  
  19  1:57  Drone  
  22  2:10  Overlord  
  22  2:16  Hatchery  
  21  2:32  Drone, Zergling x2  
  21  2:33  Zergling x6  
  26  2:38  Metabolic Boost  
  26  3:05  Lair  
  26  3:07  Drone x2  
  26  3:08  Drone  
  29  3:31  Drone x4  
  33  3:39  Overlord  
  33  4:03  Spire  
  32  4:13  Drone x4  
  30  4:47  Extractor  
  30  4:49  Extractor  
  28  4:55  Queen  
  30  5:01  Overlord x2  
  30  5:04  Drone x5  
  35  5:11  Spore Crawler  
  35  5:13  Spore Crawler  
  33  5:17  Zerg Flyer Weapons Level 1  
  33  5:40  Mutalisk x4  
  41  5:59  Drone x7  
  48  6:22  Mutalisk  
  48  6:23  Mutalisk x2  
  54  6:42  Mutalisk x2  
  54  6:44  Overlord x3  
  58  6:53  Drone  
  59  6:54  Overlord  
  59  7:19  Zergling x12  
  65  7:36  Mutalisk x2  
  65  7:37  Mutalisk  
  71  7:59  Mutalisk x4  
  71  8:02  Drone  
  80  8:32  Zerg Flyer Weapons Level 2  
  80  8:35  Hatchery  
  79  8:47  Drone x11  
  90  8:52  Overlord  
  80  9:29  Mutalisk x9  
  98  9:31  Overlord  
  98  9:50  Mutalisk x2  
  98  9:51  Mutalisk x2  
  106  9:59  Queen  
  108  10:01  Extractor  
  108  10:03  Extractor  
  106  10:11  Mutalisk  
  106  10:12  Mutalisk  
  106  10:14  Zergling x6  
  111  10:17  Overlord x3  
  113  10:49  Zerg Flyer Armor Level 1  
  109  11:06  Mutalisk x4  
  111  11:21  Mutalisk  
  111  11:22  Mutalisk  
  115  11:36  Drone x3  
  115  11:37  Drone x4  
  122  12:01  Drone x7  
  129  12:25  Baneling Nest  
  128  12:30  Infestation Pit  
  128  12:35  Mutalisk  
  128  12:36  Mutalisk x4  
  137  12:38  Overlord x4  
  137  12:56  Hatchery  
  136  13:04  Hatchery  
  133  13:23  Mutalisk x2  
  133  13:24  Mutalisk x8  
  153  13:49  Mutalisk  
  153  13:50  Mutalisk x5  
  165  14:21  Overlord  
  165  14:22  Overlord x3  
  165  14:36  Queen  
  167  14:39  Queen  
  169  14:47  Extractor  
  169  14:51  Extractor  
  167  14:58  Extractor  
  166  15:01  Extractor  
  159  15:59  Mutalisk x4  
  159  16:00  Mutalisk x11  
  189  16:13  Spine Crawler x2  
  189  16:14  Spine Crawler x2  
  189  16:15  Spine Crawler  
  189  16:16  Spine Crawler  
  189  16:17  Spine Crawler, Zergling x6  
  189  16:18  Zergling x28  
  182  16:36  Spire  
  171  16:49  Overlord x7  
  171  16:50  Overlord x4  
  144  17:16  Hatchery  
  137  17:41  Drone x3  
  137  17:42  Drone x4  
  144  17:48  Hatchery  
  132  18:24  Hatchery  
  126  19:01  Hatchery  
  119  19:21  Spawning Pool  
Show
View Real Time Build Order
Export as new Build Order

Plutonun Protoss 

Build Orders:  

Get SALT Encoding   

  12  0:01  Probe (Chrono Boost)  
  13  0:11  Probe (Chrono Boost)  
  14  0:22  Probe (Chrono Boost)  
  14  0:24  Pylon  
  15  0:42  Probe (Chrono Boost)  
  16  0:53  Probe (Chrono Boost)  
  16  0:55  Gateway  
  17  1:03  Probe (Chrono Boost)  
  18  1:05  Assimilator  
  18  1:09  Assimilator  
  18  1:14  Probe (Chrono Boost)  
  19  1:24  Probe (Chrono Boost)  
  19  1:25  Pylon  
  20  1:35  Probe (Chrono Boost)  
  21  1:44  Pylon  
  21  1:45  Probe (Chrono Boost)  
  22  1:53  Cybernetics Core  
  22  1:56  Probe (Chrono Boost), Pylon  
  23  2:08  Pylon  
  23  2:10  Probe (Chrono Boost)  
  23  2:14  Zealot  
  27  2:30  Mothership Core (Chrono Boost)  
  27  2:32  Warp Gate (Chrono Boost)  
  27  2:38  Gateway  
  27  2:39  Pylon  
  27  2:43  Sentry  
  29  2:55  Probe (Chrono Boost)  
  31  3:05  Probe (Chrono Boost)  
  31  3:11  Gateway  
  31  3:13  Sentry  
  33  3:21  Probe (Chrono Boost)  
  30  3:27  Stalker  
  36  3:39  Forge  
  36  3:41  Sentry  
  36  3:44  Probe  
  39  3:57  Nexus  
  39  3:58  Pylon  
  39  4:02  Pylon  
  39  4:06  Zealot  
  39  4:08  Sentry  
  43  4:17  Photon Cannon  
  43  4:34  Nexus  
  43  4:46  Protoss Ground Armor Level 1 (Chrono Boost)  
  43  4:47  Probe  
  44  4:54  Pylon  
  44  4:56  Photon Cannon  
  44  4:58  Gateway  
  44  5:03  Sentry x2  
  44  5:04  Sentry  
  50  5:08  Probe  
  51  5:21  Probe  
  52  5:23  Pylon  
  52  5:32  Twilight Council  
  52  5:33  Probe  
  53  5:37  Pylon  
  53  5:45  Probe  
  54  5:51  Probe  
  55  5:57  Probe  
  55  6:02  Probe  
  57  6:09  Probe  
  58  6:12  Probe  
  58  6:17  Assimilator  
  59  6:21  Probe, Photon Cannon, Assimilator  
  59  6:23  Probe  
  61  6:33  Probe x2  
  61  6:39  Photon Cannon  
  63  6:42  Photon Cannon, Blink (Chrono Boost)  
  63  6:44  Photon Cannon  
  63  6:52  Templar Archives  
  63  6:54  Stalker, Pylon  
  63  6:55  Stalker  
  63  6:58  Probe  
  68  7:11  Probe  
  68  7:15  Stalker x2  
  73  7:35  Pylon  
  73  7:38  Stalker x2  
  73  7:39  Stalker x2  
  73  7:40  Pylon  
  81  7:49  Gateway x2  
  81  8:01  Probe  
  81  8:02  Photon Cannon  
  81  8:04  Photon Cannon  
  82  8:06  Pylon  
  82  8:10  Gateway  
  82  8:13  Probe, Gateway  
  82  8:16  High Templar  
  82  8:17  High Templar  
  87  8:29  Protoss Ground Weapons Level 1  
  87  8:35  Stalker x2  
  87  8:38  Probe  
  87  8:40  Archon  
  92  8:50  Pylon  
  92  8:51  Probe  
  92  8:52  Probe, Photon Cannon  
  94  9:05  Nexus  
  93  9:11  High Templar  
  93  9:12  High Templar  
  93  9:13  High Templar x2  
  96  9:22  Mothership Core  
  95  9:27  Photon Cannon  
  95  9:30  Photon Cannon  
  95  9:33  Psionic Storm  
  95  9:34  Photon Cannon  
  95  9:37  Archon x2  
  95  9:48  Probe  
  96  10:00  Probe  
  96  10:04  Pylon  
  96  10:05  Pylon  
  97  10:08  Pylon  
  97  10:09  Pylon  
  97  10:15  Pylon  
  97  10:22  High Templar x2  
  97  10:23  High Templar  
  97  10:25  Probe  
  104  10:35  Photon Cannon  
  104  10:36  Probe  
  104  10:40  Photon Cannon  
  105  10:44  Photon Cannon  
  102  10:58  High Templar x2  
  102  10:59  High Templar  
  103  11:25  Pylon  
  102  11:27  Pylon  
  102  11:29  Stalker  
  102  11:30  Stalker x4  
  102  11:31  Stalker  
  114  11:33  Probe  
  114  11:39  Probe, Assimilator  
  115  11:44  Probe, Assimilator  
  117  11:50  Forge  
  117  11:53  Templar Archives, Probe  
  117  11:55  Probe  
  117  11:56  Probe  
  120  12:04  Probe  
  121  12:11  Probe  
  121  12:15  Probe x2, Robotics Facility  
  122  12:21  Probe  
  124  12:27  Dark Shrine  
  125  12:33  High Templar  
  125  12:34  Photon Cannon x2  
  125  12:36  High Templar  
  129  12:38  Photon Cannon  
  129  12:40  Archon  
  125  13:07  Stalker x4  
  125  13:08  Stalker x3  
  139  13:35  Probe  
  139  13:37  Pylon  
  140  13:43  Photon Cannon  
  140  13:46  Probe, Pylon x2  
  141  13:50  Pylon  
  141  14:04  Pylon  
  141  14:05  Pylon  
  141  14:06  Photon Cannon  
  141  14:08  Photon Cannon  
  141  14:15  High Templar x3  
  141  14:16  High Templar  
  149  14:19  Archon  
  149  14:20  Archon  
  149  14:23  Photon Cannon  
  149  14:25  Warp Prism, Photon Cannon  
  149  14:26  Photon Cannon  
  149  14:27  Probe  
  152  14:33  Stalker  
  152  14:34  Stalker  
  156  14:50  Photon Cannon  
  156  14:52  Photon Cannon  
  144  15:14  Cybernetics Core  
  131  15:35  Pylon  
  131  15:37  Pylon  
  131  15:39  Pylon  
  131  15:41  Pylon  
  131  15:42  Pylon  
  131  15:45  Pylon  
  131  15:49  Pylon  
  131  15:52  Pylon  
  131  15:53  Photon Cannon  
  131  16:17  Nexus  
  131  16:21  Pylon  
  117  17:02  Pylon  
  116  17:57  Pylon  
  95  18:27  Gateway  
  95  18:52  Pylon  
  95  19:12  Pylon  
Tags
 
Matchup
PvZ
Opening
Pool First
Replay Pack
1st pack
Add a new tag
Caveats
  • Supply blocks, unpowered buildings, or Contaminate may cause inaccurate times.
  • Supply counts are checked every 10 seconds.